 Dungeon Crawl Stone Soup version 0.30-a0-385-gfebfb9b408 (webtiles) character file.

Game seed: 6811096588379815093

26 Haldmier the Digger (level 3, -2/26 HPs)
             Began as a Ghoul Earth Elementalist on Dec 2, 2022.
             Slain by Robin
             ... wielding a +2 spear of venom
              (4 damage)
             ... on level 1 of the Dungeon.
             The game lasted 00:02:42 (1083 turns).

Haldmier the Digger (Ghoul Earth Elementalist)      Turns: 1083, Time: 00:02:43

Health: -2/26      AC:  6    Str: 13    XL:     3   Next: 8%
Magic:  4/4        EV:  9    Int: 10    God:
Gold:   29         SH:  0    Dex:  9    Spells: 4/5 levels left

rFire   . . .      SeeInvis .      - Unarmed
rCold   + . .      Faith    .    (no shield)
rNeg    + + +      Spirit   .    e - +0 scale mail
rPois   ∞          Reflect  .    (no helmet)
rElec   .          Harm     .    (no cloak)
rCorr   .          Rampage  .    (no gloves)
Will    .....                    (no boots)
Stlth   ..........               (no amulet)
HPRegen 0.00/turn                (no ring)
MPRegen 0.09/turn                (no ring)

@: inhibited regen
A: claws 1, cold resistance 1, negative energy resistance 3, inhibited
regeneration, torment resistance 2, devour on kill
a: no special abilities


You were on level 1 of the Dungeon.
You visited 1 branch of the dungeon, and saw 2 of its levels.

You collected 29 gold pieces.

Inventory:

Missiles
 f - 4 stones (quivered)
Armour
 a - a +0 robe
 e - a +0 scale mail (worn)
Jewellery
 i - an amulet of regeneration
Scrolls
 d - a scroll of identify {unknown}
 g - a scroll of blinking {unknown}
 h - 2 scrolls of amnesia {unknown}
Potions
 b - a potion of magic
 c - a potion of degeneration {unknown}
 j - a potion of flight {unknown}


   Skills:
 - Level 1.7 Dodging
 - Level 2.1 Stealth
 + Level 2.9 Unarmed Combat
 - Level 1.7 Spellcasting
 - Level 0.8 Transmutations
 - Level 3.2 Earth Magic


You had 4 spell levels left.
You knew the following spells:

 Your Spells              Type           Power      Damage    Failure   Level
a - Sandblast             Erth           14%        2d6       38%         1

Your spell library contained the following spells:

 Spells                   Type           Power      Damage    Failure   Level
 Passwall                 Tmut/Erth      4%         N/A       71%         2
 Stone Arrow              Conj/Erth      8%         3d7       94%         3
 Petrify                  Tmut/Erth      5%         N/A       100%        4


Dungeon Overview and Level Annotations

Branches:
Dungeon (2/15)

Altars:

Annotations:
D:1 Robin


Innate Abilities, Weirdness & Mutations

You are immune to poison.
You have sharp fingernails.
Your flesh is cold resistant. (rC+)
You are immune to negative energy. (rN+++)
You do not regenerate when monsters are visible.
You are immune to unholy pain and torment.
You thrive by killing the living.


Message History

The goblin hits you but does no damage. The goblin barely misses you.
You climb upwards.
There is a stone staircase leading down here.
You scratch the goblin.
The goblin is severely wounded.
The goblin hits you but does no damage. Robin throws the goblin at you!
The goblin hits you but does no damage.
You miss the goblin.
The goblin is severely wounded.
The goblin hits you but does no damage.
Robin hits you with a +2 spear of venom.
The goblin hits you but does no damage.
You scratch the goblin.
You kill the goblin!
You feel better. Robin hits you but does no damage.
The goblin hits you but does no damage.
You barely miss the goblin.
Robin hits you with a +2 spear of venom.
The goblin misses you.
You closely miss the goblin.
Robin hits you with a +2 spear of venom.
The goblin hits you but does no damage.
You claw the goblin!
You kill the goblin!
You feel better.
Robin hits you with a +2 spear of venom.
You barely miss Robin.
Robin hits you with a +2 spear of venom.
You claw Robin!
Robin is heavily wounded.
Robin hits you with a +2 spear of venom.
* * * LOW HITPOINT WARNING * * *
You barely miss Robin.
Robin is heavily wounded.
Robin hits you with a +2 spear of venom.
* * * LOW HITPOINT WARNING * * *
You closely miss Robin.
Robin is heavily wounded.
Robin hits you with a +2 spear of venom.
You die...

#.# #....# #. #.#
#....# #########.
#.#####....#
#.........
########..........#
#.########
..................#
#.#
#####..........#..#
#.# #.....>....#..#
#.# ###
##........##))# #.#
..## #........##@.#
#.#
...###.....†..##g)#
#†#
....##........##..#
#.#
#...###......###..#
#.# ##..###......#
#..# #.#
##..##.......#
#..######.#
#..###......##
#.......#.#
.).##.......#
#.#####.#.#
..###......## #.#
#.#.#


You could see Robin.

Vanquished Creatures
  2 endoplasms (D:1)
  7 goblins
  3 hobgoblins (D:1)
  A quokka (D:1)
  2 ball pythons (D:1)
  2 bats (D:1)
  2 frilled lizards (D:1)
  2 kobolds (D:1)
  2 rats (D:1)
23 creatures vanquished.

Notes
Turn   | Place    | Note
-------+----------+-------------------------------------------
     0 | D:1      | Haldmier the Ghoul Earth Elementalist began the quest for
                  | the Orb.
     0 | D:1      | Reached XP level 1. HP: 14/14 MP: 2/2
   152 | D:1      | Reached skill level 1 in Unarmed Combat
   224 | D:1      | Reached XP level 2. HP: 13/20 MP: 3/3
   254 | D:1      | Found a faded altar of an unknown god.
   969 | D:2      | Noticed Robin
   990 | D:1      | Reached XP level 3. HP: 8/26 MP: 4/4
  1083 | D:1      | Slain by Robin

Illustrated notes

Levels and vault maps discovered:
D:1:      dpeg_arrival_snail, layout_basic, dreamdust_ecumenical_altar_grove
D:2:      layout_rooms, uniq_robin

Skill      XL: |  1  2 |
---------------+-------+-----
Unarmed Combat | 1 2 |  2.9
Dodging        | |  1.7
Stealth        | |  2.1
Spellcasting   | |  1.7
Transmutations | |  0.8
Earth Magic    | |  3.2

Action                   || total
-------------------------++-------
Melee: Unarmed           ||    94
Throw: Stone             ||     3
Armor: Scale mail        ||    54
Dodge: Dodged            ||    43

Table legend: (Time is in decaauts)
 A = Elapsed time spent in this place.
 B = Non-inter-level travel time spent in this place.
 C = Inter-level travel time spent in this place.
 D = Time resting spent in this place.
 E = Time spent auto-exploring this place.
 F = Levels seen in this place.
 G = Mean time per level.
                   A        B        C        D        E       F      G
               +--------+--------+--------+--------+--------+-----+--------+
         Total |   1082 |   1041 |     41 |    345 |    443 |   2 |  541.0 |
       Dungeon |   1082 |   1041 |     41 |    345 |    443 |   2 |  541.0 |
               +--------+--------+--------+--------+--------+-----+--------+

Top non-repeatable levels by time:
     D:1: 1070 daAuts
     D:2: 12 daAuts
